Map: Acid Plant LE

Players

Minato - Winner!

  • Race: Zerg Zerg
  • Spawn Location: 5:00

Awers (Hades)

  • Race: Terran Terran
  • Spawn Location: 11:00

Event: IEM Season 12 - Katowice

VOD

Have the link to the VOD?

Description

Time

  • Played on: Feb. 26, 2018, 9:06 a.m.
  • Length: 7:14

All games in this series

Show
View Real Time Build Order
Export as new Build Order

Minato Zerg - Winner!

Build Orders: Pool First 

Get SALT Encoding   

  12  0:00  Drone  
  13  0:12  Overlord  
  13  0:17  Drone  
  14  0:30  Drone x2  
  14  0:34  Drone  
  17  0:45  Spawning Pool  
  17  0:47  Drone  
  17  0:57  Drone  
  17  1:00  Extractor  
  18  1:13  Hatchery  
  18  1:15  Drone  
  18  1:18  Extractor  
  17  1:31  Zergling x4  
  19  1:33  Queen  
  19  1:39  Zergling x2  
  22  1:57  Overlord  
  22  2:14  Queen  
  24  2:16  Drone x2  
  24  2:22  Drone  
  27  2:24  Queen  
  27  2:25  Drone  
  30  2:34  Drone  
  31  2:38  Drone  
  31  2:41  Drone x3  
  35  2:45  Drone  
  35  2:47  Drone  
  35  3:12  Overlord x2  
  35  3:15  Hatchery  
  35  3:17  Drone x2  
  35  3:29  Metabolic Boost  
  35  3:33  Drone x2  
  35  3:34  Drone x5  
  40  3:35  Drone  
  40  3:39  Overlord  
  43  3:43  Drone  
  44  3:59  Extractor  
  44  4:00  Drone x3  
  44  4:01  Drone x2, Roach Warren  
  44  4:02  Drone x2  
  49  4:04  Extractor  
  49  4:09  Zergling x6  
  51  4:15  Drone x2  
  53  4:26  Drone x2  
  53  4:27  Drone x2  
  53  4:28  Drone x2  
  59  4:37  Drone  
  60  4:42  Drone x2  
  62  4:47  Overlord  
  62  4:48  Overlord x3  
  62  4:51  Drone x2  
  64  5:00  Roach  
  64  5:01  Overlord x2  
  64  5:03  Overlord  
  64  5:04  Overlord  
  66  5:07  Roach, Extractor  
  66  5:10  Roach x4  
  77  5:14  Roach  
  77  5:16  Roach x2, Zergling x2  
  77  5:18  Overlord  
  82  5:21  Lair  
  82  5:22  Ravager, Zergling x2  
  82  5:24  Roach  
  86  5:32  Roach x2  
  86  5:33  Roach x2, Zergling x2  
  86  5:34  Ravager x5  
  100  5:36  Zergling x2  
  101  5:45  Roach x3, Zergling x6  
  101  5:47  Zergling x4  
  112  5:52  Zergling x2  
  112  5:53  Ravager  
  114  5:57  Zergling x4  
  114  6:00  Zergling x6  
  119  6:04  Zergling x2  
  119  6:08  Zergling x4  
  122  6:14  Overlord x2  
  122  6:15  Overlord x2  
  122  6:34  Roach x6, Zergling x6  
  122  6:39  Roach  
  139  6:48  Roach x3, Zergling x2  
  139  6:49  Roach  
  148  6:54  Roach, Zergling x4  
  148  6:55  Roach  
Show
View Real Time Build Order
Export as new Build Order

Awers Terran 

Build Orders: Command Center First (CC) 

Get SALT Encoding   

  12  0:00  SCV  
  13  0:13  SCV  
  14  0:17  Supply Depot  
  14  0:25  SCV  
  15  0:39  SCV  
  16  0:51  SCV  
  17  0:59  Command Center  
  17  1:03  SCV  
  18  1:13  Barracks  
  18  1:17  SCV  
  19  1:22  Refinery  
  19  1:27  Refinery  
  19  1:31  SCV  
  20  1:43  SCV  
  21  1:56  SCV  
  21  1:59  Reaper  
  23  2:09  Orbital Command  
  23  2:10  Orbital Command  
  23  2:17  Factory  
  23  2:32  Supply Depot, Barracks Reactor  
  22  2:37  Reaper  
  22  2:39  SCV  
  22  2:41  SCV  
  20  2:51  SCV  
  20  2:55  SCV  
  22  3:03  Hellion  
  24  3:08  SCV  
  24  3:16  Barracks Reactor  
  24  3:21  SCV  
  24  3:29  SCV  
  25  3:36  Factory  
  25  3:38  SCV  
  26  3:45  SCV  
  26  3:46  Armory  
  27  3:51  SCV  
  28  3:58  SCV  
  28  4:02  Hellion x2  
  33  4:07  Barracks Reactor  
  33  4:11  SCV x2  
  35  4:18  Supply Depot  
  35  4:23  Cyclone, SCV  
  39  4:26  Cyclone, Hellion  
  39  4:27  SCV  
  45  4:34  Terran Vehicle Weapons Level 1  
  45  4:35  SCV  
  46  4:39  SCV  
  46  4:43  Supply Depot  
  47  4:47  SCV  
  47  4:51  SCV  
  49  4:53  Refinery  
  49  4:59  SCV  
  49  5:01  Hellion x2  
  49  5:03  SCV  
  49  5:06  Supply Depot  
  54  5:11  SCV  
  54  5:14  Cyclone  
  58  5:16  SCV  
  59  5:23  SCV  
  59  5:27  Cyclone x2  
  59  5:28  SCV  
  67  5:29  Supply Depot  
  67  5:35  SCV  
  67  5:40  SCV  
  69  5:51  Cyclone x2  
  69  5:52  Supply Depot, SCV  
  69  5:54  Supply Depot  
  69  5:55  Supply Depot  
  69  5:57  SCV  
  77  6:13  Cyclone x2  
  83  6:22  SCV x2  
  85  6:28  Cyclone  
  85  6:31  Command Center  
  88  6:34  SCV x2  
  90  6:45  Refinery  
  90  6:46  SCV  
  94  6:53  Command Center  

Tags
 
Add a new tag
Caveats
  • Supply blocks, unpowered buildings, or Contaminate may cause inaccurate times.
  • Supply counts are checked every 10 seconds.